 Dungeon Crawl Stone Soup version 0.30-a0-341-g682706514a (webtiles) character file.

Game seed: 5177034428128440980

319 ryw the Magician (level 6, -1/33 HPs)
             Began as a Deep Elf Hedge Wizard on Nov 2, 2022.
             Slain by a phantom (9 damage)
             ... on level 4 of the Dungeon.
             The game lasted 00:13:42 (4287 turns).

ryw the Magician (Deep Elf Hedge Wizard)            Turns: 4287, Time: 00:13:43

Health: -1/33      AC:  3    Str:  7    XL:     6   Next: 21%
Magic:  7/17       EV: 13    Int: 21    God:
Gold:   166        SH:  0    Dex: 14    Spells: 10/18 levels left

rFire   . . .      SeeInvis .    r - +2 quarterstaff (chaos)
rCold   . . .      Faith    .    (shield currently unavailable)
rNeg    . . .      Spirit   .    b - +0 robe
rPois   .          Reflect  .    c - +0 hat
rElec   .          Harm     .    h - +0 cloak
rCorr   .          Rampage  .    (no gloves)
Will    .....                    (no boots)
Stlth   ++........               (no amulet)
HPRegen 0.25/turn                (no ring)
MPRegen 0.15/turn                (no ring)

@: no status effects
A: no striking features
a: no special abilities


You were on level 4 of the Dungeon.
You visited 1 branch of the dungeon, and saw 4 of its levels.

You collected 166 gold pieces.

Inventory:

Hand Weapons
 n - a +0 dagger of electrocution
 o - a +1 dagger of venom
 r - a +2 quarterstaff of chaos (weapon)
Armour
 b - a +0 robe (worn)
 c - a +0 hat (worn)
 f - a +0 ring mail of fire resistance
 h - a +0 cloak (worn)
Wands
 q - a wand of digging (4)
Scrolls
 e - a scroll of poison
 l - a scroll of magic mapping
Potions
 a - a potion of might
 d - 2 potions of magic
 g - 2 potions of brilliance
 i - 2 potions of lignification
 j - 2 potions of haste
 m - a potion of curing {unknown}


   Skills:
 + Level 0.8 Fighting
 + Level 2.9 Dodging
 - Level 3.0 Stealth
 + Level 6.6 Spellcasting
 * Level 4.3 Conjurations
 + Level 1.8 Summonings
 + Level 1.7 Translocations
 + Level 0.0 Poison Magic


You had 10 spell levels left.
You knew the following spells:

 Your Spells              Type           Power      Damage    Failure   Level
a - Magic Dart            Conj           100%       1d8       1%          1
b - Call Imp              Summ           14%        N/A       7%          2
c - Blink                 Tloc           28%        N/A       7%          2
d - Mephitic Cloud        Conj/Pois/Air  13%        N/A       16%         3

Your spell library contained the following spells:

 Spells                   Type           Power      Damage    Failure   Level
 Foxfire                  Conj/Fire      64%        2x1d7     3%          1
 Sandblast                Erth           12%        2d6       10%         1
 Slow                     Hex            24%        N/A       10%         1
 Stone Arrow              Conj/Erth      32%        3d9       11%         3
 Gell's Gravitas          Tloc           14%        N/A       13%         3
 Lesser Beckoning         Tloc           28%        N/A       13%         3
 Teleport Other           Tloc           14%        N/A       13%         3
 Cigotuvi's Dreadful Rot  Necr/Pois/Air  14%        N/A       14%         2
 Passwall                 Tmut/Erth      5%         N/A       14%         2


Dungeon Overview and Level Annotations

Branches:
Dungeon (4/15)
 Temple: D:4-7

Altars:
Fedhas

Annotations:
D:4 Pikel


Message History

A beastly little devil appears in a puff of flame.
Your crimson imp disappears in a puff of smoke!
The phantom hits you.
Casting: Call Imp (safe; 7% risk of failure)
Confirm with . or Enter, or press ? or * to list all spells.
A beastly little devil appears in a puff of frigid air.
Your crimson imp disappears in a puff of smoke!
The phantom barely misses you.
Unknown command.
Casting: Call Imp (safe; 7% risk of failure)
Confirm with . or Enter, or press ? or * to list all spells.
A beastly little devil appears in a puff of frigid air.
Your white imp disappears in a puff of smoke!
The phantom misses you.
You closely miss the phantom.
The phantom is lightly damaged.
The phantom closely misses you.
Your white imp barely misses the phantom.
You closely miss the phantom.
The phantom is lightly damaged.
The phantom hits you.
The phantom blinks!
You blink.
Your +1 dagger of venom stops dripping with poison.
Your +2 quarterstaff of chaos is briefly surrounded by a scintillating aura of random colours.
r - a +2 quarterstaff of chaos (weapon)
The phantom hits you.
The phantom blinks!
You blink.
You hit the phantom.
The phantom seems to grow stronger.
The phantom is moderately damaged.
The phantom closely misses you.
You hit the phantom.
The phantom flickers and vanishes!
Deactivating autopickup; reactivate with Ctrl-A.
Your white imp closely misses something.
Something hits you!
Your white imp hits something but does no damage.
Unknown command.
You closely miss something. Something hits you.
* * * LOW HITPOINT WARNING * * *
You blink.
Something hits you but does no damage.
Unknown command.
Something hits you!
You die...

......†.†......#
##.#.......#####
#.#.##..#.# ...
#..#.# #.#.
#..#.#
###.##..#.#
.####......#.#
.............#
#####..5@.##.#
##.......#
###.##..#
#.##..# #.##<.#
#.##..# #.##..#
......# ..#####


You could see a friendly white imp (summoned).

Vanquished Creatures
  A hound (D:4)
  An orc wizard (D:4)
  4 adders (D:3)
  4 ball pythons
  2 endoplasms
  A giant cockroach (D:2)
  2 goblins
  3 hobgoblins (D:1)
  A quokka (D:2)
  2 bats
  A frilled lizard (D:3)
  4 kobolds
  3 rats
29 creatures vanquished.

Vanquished Creatures (collateral kills)
  2 lemures (D:4)
  A jelly (D:3)
  2 orc priests (D:4)
  Crazy Yiuf (D:3)
  An iguana (D:4)
  4 adders
  A dart slug (D:3)
  A bat (D:1)
  3 endoplasms
  2 giant cockroaches
  A goblin (D:1)
  A quokka (D:3)
  A ball python (D:3)
  A hobgoblin zombie (D:4)
  A kobold zombie (D:4)
  An orc zombie (D:4)
24 creatures vanquished.

Vanquished Creatures (others)
  2 fungi (D:3)
2 creatures vanquished.

Grand Total: 55 creatures vanquished

Notes
Turn   | Place    | Note
-------+----------+-------------------------------------------
     0 | D:1      | ryw the Deep Elf Hedge Wizard began the quest for the Orb.
     0 | D:1      | Reached XP level 1. HP: 10/10 MP: 7/7
   435 | D:1      | Reached XP level 2. HP: 15/15 MP: 6/9
   438 | D:1      | Learned a level 2 spell: Call Imp
   836 | D:1      | Found a faded altar of an unknown god.
   843 | D:1      | Got Plato's Disquisition on Incandescence
  1337 | D:2      | Reached skill level 5 in Spellcasting
  1565 | D:2      | Reached XP level 3. HP: 19/19 MP: 6/11
  2630 | D:3      | Reached XP level 4. HP: 13/24 MP: 5/13
  2965 | D:3      | Reached skill level 6 in Spellcasting
  3010 | D:3      | Found a blossoming altar of Fedhas.
  3100 | D:3      | Found a runed translucent door.
  3101 | D:3      | Noticed Crazy Yiuf
  3145 | D:3      | Killed Crazy Yiuf
  3146 | D:3      | Reached XP level 5. HP: 6/28 MP: 7/15
  3737 | D:4      | Reached XP level 6. HP: 33/33 MP: 9/17
  3818 | D:4      | Noticed Pikel
  3924 | D:3      | Learned a level 2 spell: Blink
  3928 | D:3      | Learned a level 3 spell: Mephitic Cloud
  4287 | D:4      | Slain by a phantom

Illustrated notes

Levels and vault maps discovered:
D:1:      lemuel_arrival_room, layout_basic, shapermc_ecumenical_altar_rom_forum
D:2:      layout_basic, chequers_serial_rivers_micro_d, columned_hall_lemuel
D:3:      layout_rooms, nicolae_overflow_crystal_walls, uniq_crazy_yiuf_cottage
D:4:      layout_loops_ring, kennysheep_diamond, minmay_mini_ossuary, uniq_pikel

Skill      XL: |  1  2  3  4  5  6 |
---------------+-------------------+-----
Conjurations   | 2 3 4 |  4.3
Spellcasting   | 5 6 |  6.6
Stealth        | 3 |  3.0
Fighting       | |  0.8
Dodging        | |  2.9
Summonings     | |  1.8
Translocations | |  1.7

Action                   |  1- 3 |  4- 6 || total
-------------------------+-------+-------++-------
Melee: Dagger            |       |    31 ||    31
       Quarterstaff      |       |     3 ||     3
 Cast: Magic Dart        |    61 |    29 ||    90
       Call Imp          |    18 |    42 ||    60
       Blink             |       |     1 ||     1
  Use: Scroll            |     8 |     5 ||    13
       Potion            |       |     1 ||     1
 Stab: Distracted        |       |     1 ||     1
Armor: Robe              |     3 |    10 ||    13
Dodge: Dodged            |     4 |    20 ||    24

Table legend: (Time is in decaauts)
 A = Elapsed time spent in this place.
 B = Non-inter-level travel time spent in this place.
 C = Inter-level travel time spent in this place.
 D = Time resting spent in this place.
 E = Time spent auto-exploring this place.
 F = Levels seen in this place.
 G = Mean time per level.
                   A        B        C        D        E       F      G
               +--------+--------+--------+--------+--------+-----+--------+
         Total |   4290 |   4103 |    187 |    700 |   2701 |   4 | 1072.5 |
       Dungeon |   4290 |   4103 |    187 |    700 |   2701 |   4 | 1072.5 |
               +--------+--------+--------+--------+--------+-----+--------+

Top non-repeatable levels by time:
     D:3: 1384 daAuts
     D:1: 1332 daAuts
     D:2: 1000 daAuts
     D:4: 573 daAuts
